 Dungeon Crawl Stone Soup version 0.26.1-11-gd32895ea62 (webtiles) character file.

Game seed: 4239832589935349463

2648 phalm the Destroyer (level 9, -1/40 HPs)
             Began as a Deep Elf Conjurer on Apr 26, 2021.
             Was an Initiate of Vehumet.
             Succumbed to an orc warrior's poison
             ... on level 7 of the Dungeon.
             The game lasted 00:16:31 (7339 turns).

phalm the Destroyer (Deep Elf Conjurer)             Turns: 7339, Time: 00:16:31

Health: -1/40      AC:  9    Str:  4    XL:     9   Next: 36%
Magic:  7/22       EV: 13    Int: 25    God:    Vehumet [......]
Gold:   441        SH:  0    Dex: 13    Spells: 16/23 levels left

rFire    . . .     SeeInvis .   y - +1 whip (freeze)
rCold    . . .     Faith    .   (no shield)
rNeg     + . .     Spirit   .   a - +0 robe
rPois    .         Reflect  .   s - +0 helmet
rElec    .         Harm     .   x - +2 cloak
rCorr    +         Rampage  .   (no gloves)
Will     .....     Clarity  +   f - +2 pair of boots
Stlth    ++........             (no amulet)
HPRegen  0.13/turn              R - ring of resist corrosion
MPRegen  0.18/turn              N - ring of positive energy

@: mighty, lethally poisoned (-1 -> -32)
A: clarity, dopey 1, frail 1, sense surroundings 1
a: Renounce Religion


You were on level 7 of the Dungeon.
You worshipped Vehumet.
Vehumet was noncommittal.
You visited 2 branches of the dungeon, and saw 8 of its levels.

You collected 441 gold pieces.


Innate Abilities, Weirdness & Mutations

You possess an exceptional clarity of mind.
You are dopey. (Int -2)
You are frail. (-10% HP)
You passively map a small area around you.


   Skills:
 - Level 2.4 Dodging
 - Level 2.4 Stealth
 + Level 7.6 Spellcasting
 * Level 10.4 Conjurations
 * Level 8.4 Translocations


You had 16 spell levels left.
You knew the following spells:

 Your Spells              Type           Power        Failure   Level
m - Magic Dart            Conj           100%         1%          1
s - Searing Ray           Conj           100%         1%          2
X - Iskenderun's Mystic   Conj/Tloc      54%          1%          4

Your spell library contained the following spells:

 Spells                   Type           Power        Failure   Level
 Apportation              Tloc           100%         1%          1
 Dazzling Flash           Conj/Hex       70%          2%          3
 Animate Skeleton         Necr           18%          6%          1
 Corona                   Hex            10%          6%          1
 Summon Small Mammal      Summ           36%          6%          1
 Fulminant Prism          Conj/Hex       17%          8%          4

Inventory:

Hand Weapons
 y - a +1 whip of freezing (weapon)
   (You took it off an orc on level 7 of the Dungeon)
Missiles
 d - 25 poisoned darts
 C - 5 curare-tipped darts {=f}
Armour
 a - a +0 robe (worn)
 f - a +2 pair of boots (worn)
   (You found it on level 2 of the Dungeon)
 h - a scarf of invisibility
   (You found it on level 1 of the Dungeon)
 s - a +0 helmet (worn)
   (You found it on level 5 of the Dungeon)
 x - a +2 cloak (worn)
   (You found it on level 6 of the Dungeon)
Jewellery
 c - an uncursed ring of ice
   (You found it on level 7 of the Dungeon)
 v - an uncursed ring of see invisible
   (You found it on level 7 of the Dungeon)
 N - a ring of positive energy (right hand)
   (You found it on level 5 of the Dungeon)
 R - a ring of resist corrosion (left hand)
   (You found it on level 3 of the Dungeon)
Wands
 r - a wand of disintegration (18)
   (You found it on level 5 of the Dungeon)
 t - a wand of flame (18)
   (You found it on level 6 of the Dungeon)
 u - a wand of paralysis (4)
   (You found it on level 6 of the Dungeon)
 B - a wand of random effects (19)
   (You found it on level 6 of the Dungeon)
Scrolls
 g - 6 scrolls of remove curse {@r2}
 k - 5 scrolls of enchant armour
 l - 2 scrolls of amnesia
 n - 3 scrolls of teleportation {@r4}
 w - 2 scrolls of immolation {unknown}
 z - a scroll of enchant weapon
 A - a scroll of magic mapping {unknown}
Potions
 b - a potion of curing {unknown}
 e - 2 potions of brilliance
 i - 2 potions of flight
 j - a potion of might
 m - a potion of heal wounds {unknown}
 o - 2 potions of haste {@q3}
 p - 2 potions of magic {unknown}
 q - 2 potions of attraction {!q}

Dungeon Overview and Level Annotations

Branches:
Dungeon (7/15)             Temple (1/1) D:6

Altars:
Ashenzari
Cheibriados
Dithmenos
Elyvilon
Fedhas
Gozag
Kikubaaqudgha
Makhleb
Nemelex Xobeh
Okawaru
Qazlal
Ru
Sif Muna
Trog
Uskayaw
Vehumet
Wu Jian
Yredelemnul
Zin
The Shining One

Shops:
D:6 *

Annotations:
D:4 2 transporters, TheGreatAnchovy's ghost, amateur KoBr

* * #.# * #.#,* #.#
*#.#.# #.#
,*#.#.#########.# * * ,
#.#.........#.# # #.#...
.....#.#
...#.##.#.######..#.####
,
...)))..................
####.##@#.#######.######
,
...................<....
####.##.####..##########
, ,.. #.................
* ,## #######.##########
..........# * ** *,
#.......#.# *
#.........# ,
#......)..#


There were no monsters in sight!


Message History

The magic dart hits the jelly.
The jelly quivers.
The orc shouts!
An orc wizard comes into view. It is wielding a +0 dagger. 😎 MP[-1]
You lost 1 mp, and now have 21/22 mp.
The magic dart hits the jelly.
The orc wizard shouts!
An orc warrior comes into view.
It is wielding a +1 glaive of venom. 😎 MP[-1]
You lost 1 mp, and now have 20/22 mp.
The magic dart hits the orc wizard.
The orc warrior shouts! 😎 MP[-1]
You lost 1 mp, and now have 19/22 mp.
The magic dart hits the jelly.
An orc comes into view. It is wielding a +0 dagger. 😎 MP[-1]
You lost 1 mp, and now have 18/22 mp.
The magic dart hits the jelly! 😎 MP[-1]
You lost 1 mp, and now have 17/22 mp.
Casting: Magic Dart (safe; 1% risk of failure)
Confirm with . or Enter, or press ? or * to list all spells.
Aiming: Searing Ray (safe; 1% risk of failure)
Press: ? - help, Shift-Dir - straight line, f - orc, p - jelly
Aim: an orc, wielding a +0 whip (17% to evade)
The searing ray hits the jelly!
You kill the jelly!
Vehumet accepts your kill.
The searing ray hits the orc!
You kill the orc!
Vehumet accepts your kill. (Press . to maintain the ray.) 😎 MP[-1]
You lost 1 mp, and now have 16/22 mp.
The searing ray hits the orc wizard! 😎 MP[-1]
You lost 1 mp, and now have 15/22 mp.
The searing ray hits the orc warrior. 😎 MP[-1]
You lost 1 mp, and now have 14/22 mp.
The searing ray hits the orc wizard.
You finish channeling your searing ray. 😎 MP[-1]
You lost 1 mp, and now have 13/22 mp.
Casting: Searing Ray (safe; 1% risk of failure)
Confirm with . or Enter, or press ? or * to list all spells.
Aiming: Searing Ray (safe; 1% risk of failure)
Press: ? - help, Shift-Dir - straight line, f - orc warrior
Aim: an orc warrior, wielding a +1 glaive of venom and wearing a +0 plate armour (lightly wounded, 17% to evade)
The searing ray hits the orc wizard.
You kill the orc wizard!
Vehumet accepts your kill.
The searing ray hits the orc warrior. (Press . to maintain the ray.) 😎 MP[-2]
You lost 2 mp, and now have 11/22 mp.
The searing ray hits the orc warrior.
The orc warrior hits you from afar with a +1 glaive of venom!
You are poisoned. 😮 HP[-16]
You take 16 damage, and now have 24/40 hp.
MASSIVE DAMAGE!! (PAUSE)
The searing ray hits the orc warrior!
The searing ray hits the orc!
You kill the orc!
Vehumet accepts your kill.
You feel sick.
The orc warrior hits you from afar with a +1 glaive of venom!
* * * LOW HITPOINT WARNING * * *
You are more poisoned. 😱 HP[-18] MP[-1]
You take 18 damage, and now have 6/40 hp.
MASSIVE DAMAGE!! (PAUSE)
You lost 1 mp, and now have 10/22 mp.
The searing ray hits the orc warrior but does no damage.
You finish channeling your searing ray.
* * * LOW HITPOINT WARNING * * *
You feel very sick.
The orc warrior barely misses you. 😱 HP[-2] MP[-1]
You take 2 damage, and now have 4/40 hp.
You lost 1 mp, and now have 9/22 mp.
Casting: Searing Ray (safe; 1% risk of failure)
Confirm with . or Enter, or press ? or * to list all spells.
Aiming: Searing Ray (safe; 1% risk of failure)
Press: ? - help, Shift-Dir - straight line, f/p - orc warrior
Aim: an orc warrior, wielding a +1 glaive of venom and wearing a +0 plate armour (severely wounded, 17% to evade)
The searing ray hits the orc warrior!
You kill the orc warrior!
Vehumet accepts your kill. (Press . to maintain the ray.)
* * * LOW HITPOINT WARNING * * *
You feel sick. 😱 HP[-2] MP[-2]
You take 2 damage, and now have 2/40 hp.
You lost 2 mp, and now have 7/22 mp.
There is a lethal amount of poison in your body!
It was a potion of might.
You feel very mighty all of a sudden.
You die...

Skill      XL: |  1  2  3  4  5  6  7  8  9 |
---------------+----------------------------+-----
Conjurations   | 5 6 7 8 9 10 | 10.4
Translocations | 1 3 4 5 7 8 |  8.4
Spellcasting   | 4 5 7 |  7.6
Dodging        | |  2.4
Stealth        | |  2.4

Action                   |  1- 3 |  4- 6 |  7- 9 || total
-------------------------+-------+-------+-------++-------
Melee: Dagger            |     2 |       |       ||     2
 Cast: Magic Dart        |    57 |   144 |   127 ||   328
       Searing Ray       |     1 |    11 |    36 ||    48
  Use: Scroll            |     2 |     9 |     3 ||    14
       Potion            |       |     1 |     1 ||     2
Armor: Robe              |     1 |     3 |    12 ||    16
Dodge: Dodged            |    15 |    13 |    24 ||    52

Levels and vault maps discovered:
D:1:      dpeg_arrival_tiny_a, layout_basic, minmay_strange_pillars,
          hangedman_feature_mirror, amethyst_killhole
D:2:      kennysheep_big_flooded_room, layout_rooms,
          chequers_temple_overflow_minitemple
D:3:      layout_basic, st_stairs_2
D:4:      layout_loops_cross, gammafunk_ghost_gnarly_gnolls, lemuel_statue_altar
D:5:      layout_gridville, amethyst_overflow_temple_binary, lemuel_flame_loot_1
D:6:      layout_loops_ring, lemuel_round_altar, minmay_temple_entry_statues,
          serial_shops, kennysheep_mini_moat, nrook_loot_triangle
D:7:      kennysheep_steamy, layout_basic, uniq_maggie
Temple:   dshaligram_water_room_temple

Notes
Turn   | Place    | Note
-------+----------+-------------------------------------------
     0 | D:1      | phalm the Deep Elf Conjurer began the quest for the Orb.
     0 | D:1      | Reached XP level 1. HP: 10/10 MP: 6/6
     0 | D:1      | magus.rc [v1.9.10]
   207 | D:1      | Reached XP level 2. HP: 15/15 MP: 6/8
   210 | D:1      | Learned a level 2 spell: Searing Ray
   240 | D:1      | Reached skill level 5 in Conjurations
   505 | D:1      | Lost strength.
   585 | D:1      | Reached XP level 3. HP: 19/19 MP: 7/9
   913 | D:2      | Reached skill level 6 in Conjurations
   913 | D:2      | Reached XP level 4. HP: 17/24 MP: 3/10
   918 | D:2      | Learned a level 4 spell: Iskenderun's Mystic Blast
  1545 | D:2      | Reached skill level 1 in Translocations
  1747 | D:2      | Reached XP level 5. HP: 28/28 MP: 9/12
  1965 | D:2      | Found a glowing silver altar of Zin.
  1965 | D:2      | Found a faded altar of an unknown god.
  1972 | D:2      | Found a basalt altar of Yredelemnul.
  1974 | D:2      | Found a stormy altar of Qazlal.
  1977 | D:2      | Found a glowing golden altar of the Shining One.
  2079 | D:3      | Reached skill level 2 in Translocations
  2574 | D:3      | You pick up a book of Cantrips and begin reading...
  2574 | D:3      | You add the spells Corona, Animate Skeleton, Summon Small
                  | Mammal and Apportation to your library.
  3038 | D:3      | Gained mutation: You are dopey. (Int -2) [potion of
                  | mutation]
  3038 | D:3      | Gained mutation: You are frail. (-10% HP) [potion of
                  | mutation]
  3038 | D:3      | Gained mutation: You passively map a small area around you.
                  | [potion of mutation]
  3038 | D:3      | Gained mutation: You possess an exceptional clarity of
                  | mind. [potion of mutation]
  3079 | D:4      | Noticed a phantom
  3088 | D:4      | Killed a phantom
  3089 | D:4      | Reached skill level 4 in Spellcasting
  3089 | D:4      | Reached skill level 7 in Conjurations
  3089 | D:4      | Reached skill level 3 in Translocations
  3089 | D:4      | Reached XP level 6. HP: 22/28 MP: 2/14
  3259 | D:4      | Found a transporter.
  3363 | D:4      | Found a transporter.
  3761 | D:4      | Reached skill level 4 in Translocations
  3815 | D:4      | Found a shadowy altar of Dithmenos.
  3891 | D:4      | Noticed TheGreatAnchovy's ghost (amateur KoBr)
  3944 | D:5      | Entered Level 5 of the Dungeon
  3953 | D:4      | Reached XP level 7. HP: 32/32 MP: 7/15
  4166 | D:5      | Reached skill level 5 in Spellcasting
  4254 | D:5      | Reached skill level 8 in Conjurations
  4353 | D:5      | Found a snail-covered altar of Cheibriados.
  4361 | D:5      | Found a shadowy altar of Dithmenos.
  4633 | D:5      | Reached skill level 5 in Translocations
  4936 | D:6      | HP: 7/32 [wyvern zombie (15)]
  4937 | D:6      | HP: 2/32 [wyvern zombie (5)]
  5325 | D:6      | Reached XP level 8. HP: 36/36 MP: 13/18
  5589 | D:6      | Reached skill level 6 in Translocations
  5685 | D:6      | Found a bloodstained altar of Trog.
  5689 | D:6      | Reached skill level 6 in Spellcasting
  5696 | D:6      | Reached skill level 9 in Conjurations
  6030 | D:6      | Found a staircase to the Ecumenical Temple.
  6071 | Temple   | Entered the Ecumenical Temple
  6126 | Temple   | Became a worshipper of Vehumet
  6200 | D:6      | Found Comop's General Store.
  6510 | D:7      | Reached skill level 7 in Translocations
  6674 | D:7      | Reached skill level 7 in Spellcasting
  6803 | D:7      | Reached XP level 9. HP: 40/40 MP: 19/21
  6825 | D:7      | Reached skill level 10 in Conjurations
  7006 | D:7      | Reached skill level 8 in Translocations
  7336 | D:7      | HP: 6/40 [orc warrior/+1 glaive of venom (16)]
  7338 | D:7      | HP: 2/40 [poisoned by an orc warrior]
  7339 | D:7      | Succumbed to an orc warrior's poison

Vanquished Creatures
  A steam dragon (D:7)
  3 orc warriors
  2 phantoms (D:4)
  An ice beast (D:5)
  A black bear (D:6)
  A necrophage (D:7)
  An ogre (D:4)
  A centaur (D:7)
  6 bullfrogs
  3 wyvern zombies
  A scorpion (D:6)
  6 killer bees (D:7)
  A howler monkey (D:6)
  A bullfrog zombie (D:7)
  3 orc wizards
  2 hounds (D:5)
  4 orc priests
  A centaur skeleton (D:2)
  3 jellies
  An iguana (D:6)
  2 worker ants
  A hound zombie (D:7)
  7 adders
  A shadow imp (D:5)
  2 white imps (D:6)
  An ufetubus (D:7)
  An adder zombie (D:6)
  An adder skeleton (D:4)
  5 worms
  7 dart slugs
  6 leopard geckos
  14 orcs
  7 bats
  5 giant cockroaches
  10 goblins
  6 hobgoblins
  7 jackals
  4 quokkas
  4 ball pythons
  8 frilled lizards
  11 kobolds
  4 leopard gecko skeletons
  A quokka zombie (D:7)
  10 rats
168 creatures vanquished.

Vanquished Creatures (others)
  12 fungi (D:7)
  6 plants (D:4)
18 creatures vanquished.

Grand Total: 186 creatures vanquished

Table legend:
 A = Non-vault XP
 B = Vault XP
 C = Vault XP percentage of total XP
 D = Non-vault monster count
 E = Vault monster count
 F = Vault count percentage of total count
                 A         B        C        D         E       F
            +---------+---------+-------+---------+---------+-------
      Total |    3588 |     195 |   5.2 |     161 |       7 |   4.2
            +---------+---------+-------+---------+---------+-------
        D:1 |      49 |       2 |   3.9 |      25 |       2 |   7.4
        D:2 |     148 |       3 |   2.0 |      30 |       2 |   6.2
        D:3 |     112 |       7 |   5.9 |      23 |       2 |   8.0
        D:4 |     423 |       0 |   0.0 |      11 |       0 |   0.0
        D:5 |     438 |       0 |   0.0 |      17 |       0 |   0.0
        D:6 |    1089 |       0 |   0.0 |      26 |       0 |   0.0
        D:7 |    1329 |     183 |  12.1 |      29 |       1 |   3.3
            +---------+---------+-------+---------+---------+-------

Illustrated notes

Table legend:
 A = Kills in this place as a percentage of kills in entire the game.
 B = Kills by you in this place as a percentage of kills by you in the entire game.
 C = Kills by friends in this place as a percentage of kills by friends in the entire game.
 D = Other kills in this place as a percentage of other kills in the entire game.
 E = Experience gained in this place as a percentage of experience gained in the entire game.
 F = Experience gained in this place divided by the number of levels of this place that you have seen.
                   A       B       C       D       E      F
               +-------+-------+-------+-------+-------+----------------------
         Total | 100.0 | 100.0 |   N/A |   N/A | 100.0 | 472.9
       Dungeon | 100.0 | 100.0 |   N/A |   N/A | 100.0 | 540.4
               +-------+-------+-------+-------+-------+----------------------

Table legend: (Time is in decaauts)
 A = Elapsed time spent in this place.
 B = Non-inter-level travel time spent in this place.
 C = Inter-level travel time spent in this place.
 D = Time resting spent in this place.
 E = Time spent auto-exploring this place.
 F = Levels seen in this place.
 G = Mean time per level.
                   A        B        C        D        E       F      G
               +--------+--------+--------+--------+--------+-----+--------+
         Total |   7713 |   7491 |    222 |      0 |   6625 |   8 |  964.1 |
       Dungeon |   7641 |   7436 |    205 |      0 |   6578 |   7 | 1091.6 |
        Temple |     71 |     55 |     16 |      0 |     47 |   1 |   71.0 |
               +--------+--------+--------+--------+--------+-----+--------+

Top non-repeatable levels by time:
     D:2: 1394 daAuts
     D:6: 1283 daAuts
     D:5: 1215 daAuts
     D:3: 1043 daAuts
     D:1: 1009 daAuts
     D:4: 931 daAuts
     D:7: 764 daAuts
  Temple: 71 daAuts
